 Dungeon Crawl Stone Soup version 0.28-a0-1435-g82390b3a13 (webtiles) character file.

Game seed: 13281792622523513840

150 SensoryNuts the Skirmisher (level 5, -1/41 HPs)
             Began as a Demonspawn Fighter on Jan 10, 2022.
             Slain by an iguana (10 damage)
             ... on level 4 of the Dungeon.
             The game lasted 00:05:35 (4960 turns).

SensoryNuts the Skirmisher (Demonspawn Fighter)     Turns: 4960, Time: 00:05:35

Health: -1/41      AC:  9    Str: 18      XL:     5   Next: 10%
Magic:  5/5        EV:  6    Int:  9 (10) God:
Gold:   118        SH:  4    Dex: 12      Spells: 4/4 levels left

rFire   . . .      SeeInvis .   a - +0 long sword
rCold   . . .      Faith    .   c - +0 buckler
rNeg    . . .      Spirit   .   e - +0 chain mail
rPois   .          Reflect  .   (helmet restricted)
rElec   .          Harm     .   (no cloak)
rCorr   .          Rampage  .   (no gloves)
Will    .....                   (no boots)
Stlth   ..........              (no amulet)
HPRegen 0.13/turn               (no ring)
MPRegen 0.18/turn               (no ring)

@: mighty, lethally poisoned (-1 -> -6)
A: antennae 2, magic regeneration
a: no special abilities


You were on level 4 of the Dungeon.
You visited 1 branch of the dungeon, and saw 4 of its levels.

You collected 118 gold pieces.

Inventory:

Hand Weapons
 a - a +0 long sword (weapon)
Armour
 b - a +0 scale mail
 c - a +0 buckler (worn)
 e - a +0 chain mail (worn)
Jewellery
 l - a ring of poison resistance
Scrolls
 g - a scroll of vulnerability
 m - a scroll of identify
Potions
 f - a potion of cancellation
 j - 2 potions of degeneration


   Skills:
 + Level 3.6 Fighting
 + Level 3.6 Long Blades
 + Level 3.3 Armour
 + Level 0.4 Dodging
 + Level 0.1 Stealth
 + Level 3.0 Shields


You had 4 spell levels left.
You didn't know any spells.
Your spell library contained the following spells:

 Spells                   Type           Power      Damage    Failure   Level
 Conjure Flame            Conj/Fire      0%         6-21      100%        3
 Ignite Poison            Fire/Tmut/Pois 0%         N/A       100%        3
 Sticky Flame             Conj/Fire      0%         2d3       100%        4


Dungeon Overview and Level Annotations

Branches:
Dungeon (4/15)
 Temple: D:4-7

Altars:
Dithmenos
Kikubaaqudgha
Nemelex Xobeh
Uskayaw


Innate Abilities, Weirdness & Mutations

You have a pair of antennae on your head.
You regenerate magic rapidly.


Message History

The iguana is lightly wounded.
The scorpion barely misses you.
The iguana hisses menacingly.
The iguana bites you!
You slash the iguana!
The iguana is heavily wounded.
The scorpion barely misses you. The iguana bites you! The scorpion stings you!
The iguana bites you!
* * * LOW HITPOINT WARNING * * *
You are too injured to fight recklessly!
You are too injured to fight recklessly!
You are too injured to fight recklessly!
You are too injured to fight recklessly!
You are too injured to fight recklessly!
You are too injured to fight recklessly!
You are too injured to fight recklessly!
You are too injured to fight recklessly!
You are too injured to fight recklessly!
You are too injured to fight recklessly!
You are too injured to fight recklessly!
The scorpion stings you.
* * * LOW HITPOINT WARNING * * *
You feel very mighty all of a sudden. The scorpion closely misses you.
You slash the scorpion!
The scorpion is moderately wounded.
The scorpion stings you.
* * * LOW HITPOINT WARNING * * *
You are lethally poisoned!
The scorpion poisons you!
The scorpion stings you but does no damage.
You feel better. The scorpion stings you.
* * * LOW HITPOINT WARNING * * *
You are poisoned.
The scorpion poisons you!
You slice the scorpion!!
You kill the scorpion!
You feel very sick. The iguana bites you!
You die...

#.###...
......#
..##..###.#
#.#......#
#.#...###.#.
#.#.........
#<....######
###l### #@$#
#.#.# [###.#
.# #.# ## ##


You could see an iguana.

Vanquished Creatures
  A scorpion (D:4)
  Terence (D:2)
  Robin (D:2)
  An adder (D:3)
  4 worms
  3 dart slugs
  An orc (D:3)
  4 bats
  8 endoplasms
  2 giant cockroaches
  9 hobgoblins
  4 jackals
  7 kobolds
  4 quokkas
  A ball python (D:1)
  3 frilled lizards
  17 goblins
  6 rats
77 creatures vanquished.

Notes
Turn   | Place    | Note
-------+----------+-------------------------------------------
     0 | D:1      | SensoryNuts the Demonspawn Fighter began the quest for the
                  | Orb.
     0 | D:1      | Reached XP level 1. HP: 18/18 MP: 1/1
   485 | D:1      | Gained mutation: You regenerate magic rapidly. [demonic
                  | ancestry]
   485 | D:1      | Reached XP level 2. HP: 23/24 MP: 2/2
  2033 | D:2      | Discovered your monstrous ancestry.
  2033 | D:2      | Gained mutation: You have a pair of small antennae on your
                  | head. [demonic ancestry]
  2033 | D:2      | Reached XP level 3. HP: 6/29 MP: 3/3
  3059 | D:2      | Noticed Robin
  3145 | D:2      | Killed Robin
  3146 | D:2      | Gained mutation: You have a pair of antennae on your head.
                  | [demonic ancestry]
  3146 | D:2      | Reached XP level 4. HP: 25/35 MP: 4/4
  3358 | D:2      | Noticed Terence
  3364 | D:2      | Killed Terence
  3674 | D:3      | Noticed a +0 short sword
  3676 | D:3      | Noticed a +0 dagger
  3678 | D:3      | Noticed a +0 falchion
  3680 | D:3      | Noticed a +0 falchion
  3680 | D:3      | Noticed a +0 spear
  3681 | D:3      | Noticed a +0 spear
  3681 | D:3      | Noticed a +0 short sword
  3682 | D:3      | Found a hide-covered altar of Uskayaw.
  3682 | D:3      | Noticed a +0 dagger
  3756 | D:3      | Found a faded altar of an unknown god.
  4104 | D:3      | Reached XP level 5. HP: 22/41 MP: 5/5
  4548 | D:3      | Found a shadowy altar of Dithmenos.
  4581 | D:3      | Found a sparkling altar of Nemelex Xobeh.
  4581 | D:3      | Found an ancient bone altar of Kikubaaqudgha.
  4960 | D:4      | Slain by an iguana

Illustrated notes

Levels and vault maps discovered:
D:1:      kennysheep_arrival_seaside, layout_basic
D:2:      layout_basic, amcnicky_mini_corridor_feature, minmay_tripent,
          uniq_robin, uniq_terence
D:3:      cheibrodos_helix_gallery, layout_rooms, nicolae_uskayaw_en_pointe,
          minitemple, grunt_dithmenos_smoke_and_mirrors,
          shapermc_ecumenical_altar_acropolis, minmay_randomly_rotated_circles
D:4:      layout_loops_cross

Skill      XL: |  1  2  3  4 |
---------------+-------------+-----
Long Blades    | 2 3 |  3.6
Armour         | 3 |  3.3
Shields        | 3 |  3.0
Fighting       | |  3.6
Dodging        | |  0.4
Stealth        | |  0.1

Action                   |  1- 3 |  4- 6 || total
-------------------------+-------+-------++-------
Melee: Long sword        |   170 |   107 ||   277
  Use: Potion            |     3 |     5 ||     8
       Scroll            |     2 |     1 ||     3
Armor: Scale mail        |    62 |       ||    62
       Chain mail        |    60 |    58 ||   118
Dodge: Dodged            |    78 |    42 ||   120
Block: Buckler           |    35 |    25 ||    60

Table legend: (Time is in decaauts)
 A = Elapsed time spent in this place.
 B = Non-inter-level travel time spent in this place.
 C = Inter-level travel time spent in this place.
 D = Time resting spent in this place.
 E = Time spent auto-exploring this place.
 F = Levels seen in this place.
 G = Mean time per level.
                   A        B        C        D        E       F      G
               +--------+--------+--------+--------+--------+-----+--------+
         Total |   5051 |   4905 |    146 |    268 |   3949 |   4 | 1262.8 |
       Dungeon |   5051 |   4905 |    146 |    268 |   3949 |   4 | 1262.8 |
               +--------+--------+--------+--------+--------+-----+--------+

Top non-repeatable levels by time:
     D:1: 2008 daAuts
     D:2: 1669 daAuts
     D:3: 1352 daAuts
     D:4: 20 daAuts
